 Dungeon Crawl Stone Soup version 0.28-a0-1518-gbe868bca14 (webtiles) character file.

Game seed: 16086662303945462378

7 sanka the Insei (level 2, 24/26 HPs)
             Began as a Gnoll Monk on Jan 16, 2022.
             Was a Believer of Hepliaklqana.
             Quit the game on level 1 of the Dungeon.
             The game lasted 00:00:20 (130 turns).

sanka the Insei (Gnoll Monk)                         Turns: 130, Time: 00:00:21

Health: 24/26      AC:  2    Str: 10    XL:     2   Next: 0%
Magic:  2/2        EV: 14    Int:  9    God:    Hepliaklqana [**....]
Gold:   0          SH:  0    Dex: 14    Spells: 1/1 levels left

rFire   . . .      SeeInvis .     - Unarmed
rCold   . . .      Faith    .   (no shield)
rNeg    . . .      Spirit   .   a - +0 robe
rPois   .          Reflect  .   (no helmet)
rElec   .          Harm     .   (no cloak)
rCorr   .          Rampage  .   (no gloves)
Will    .....                   (no boots)
Stlth   +++.......              (no amulet)
HPRegen 0.08/turn               (no ring)
MPRegen 0.08/turn               (no ring)

@: no status effects
A: reduced essence, fangs 1, strong nose, distributed training
a: Renounce Religion, Ancestor Life: Knight, Ancestor Life: Battlemage, Ancestor
Life: Hexer, Recall Ancestor, Ancestor Identity


You were on level 1 of the Dungeon.
You worshipped Hepliaklqana.
Hepliaklqana was pleased with you.
You visited 1 branch of the dungeon, and saw 1 of its levels.


Innate Abilities, Weirdness & Mutations

Your life essence is reduced to manifest your ancestor. (-10% HP)
You have very sharp teeth.
Your uncanny sense of smell can sniff out nearby items.
Your experience applies equally to all skills.


   Skills:
 + Level 6.4 Fighting
 + Level 0.2 Short Blades
 + Level 0.2 Long Blades
 + Level 0.2 Axes
 + Level 0.2 Maces & Flails
 + Level 0.2 Polearms
 + Level 0.2 Staves
 + Level 0.2 Slings
 + Level 0.2 Bows
 + Level 0.2 Crossbows
 + Level 0.2 Throwing
 + Level 0.2 Armour
 + Level 6.4 Dodging
 + Level 4.0 Stealth
 + Level 0.2 Shields
 + Level 6.4 Unarmed Combat
 + Level 0.2 Spellcasting
 + Level 0.1 Conjurations
 + Level 0.1 Hexes
 + Level 0.1 Summonings
 + Level 0.1 Necromancy
 + Level 0.1 Translocations
 + Level 0.1 Transmutations
 + Level 0.1 Fire Magic
 + Level 0.1 Ice Magic
 + Level 0.1 Air Magic
 + Level 0.1 Earth Magic
 + Level 0.1 Poison Magic
 + Level 0.3 Invocations
 + Level 0.2 Evocations


You had one spell level left.
You didn't know any spells.
Your spell library was empty.

Inventory:

Armour
 a - a +0 robe (worn)

Dungeon Overview and Level Annotations

Branches:
Dungeon (1/15)

Altars:
Hepliaklqana

▒...▒.....▒▒.▒...▒†......▒
▒.........▒▒.......▒▒▒▒▒.▒
▒8.8▒▒.▒.▒▒▒▒▒†..▒▒▒ ▒▒.▒▒
▒▒▒.▒▒▒.▒........▒▒
▒...▒▒▒▒▒ ▒.▒.▒
▒.▒▒▒▒▒▒▒▒.▒ ▒.......▒
....▒ ▒.▒ ▒.▒ ▒...▒▒▒.▒
<...▒ ▒.▒ ▒▒+▒▒ ▒▒▒▒▒ ▒.▒
....▒ ▒.▒ ▒▒...▒▒ ▒.▒
▒.▒.▒ .▒ ▒▒..g..▒▒ ▒▒▒ ▒>▒
▒▒▒.▒ ▒▒...R...▒▒ ▒▒.▒▒▒.▒
▒.▒ ▒▒.........▒▒▒▒...▒▒.▒
▒.▒
....................▒.▒ .▒
▒▒.......≈≈≈.▒▒▒...▒▒.▒
▒.▒.....£_≈.▒....▒▒▒.▒▒
▒K▒▒....≈≈≈.....)....[▒ .
▒▒...........▒▒▒▒.▒▒
▒▒+▒▒▒▒▒▒▒.▒▒ ▒▒▒


You could see the friendly Caesarion the ancestor and a kobold (asleep).


Message History

Things that are here:
a +0 short sword; 3 stones You hit the bat.
You kill the bat!
No target in view!
No target in view!
HP restored.
Found a gold piece.
A dart slug comes into view.
The dart slug launches a dart at you. The slug dart hits you.
You enter the shallow water.
There is a faded altar of an unknown god here.
You see here a gold piece.
You hit the dart slug. You punch the dart slug.
You kill the dart slug!
You have reached level 2!
You cannot tell which god this altar belongs to.
Convert to them anyway?
Okay, then.
You cannot tell which god this altar belongs to.
Convert to them anyway?
Hepliaklqana accepts your prayer! Hepliaklqana welcomes you!
Hepliaklqana forms a fragment of your life essence into the memory of your ancestor, Caesarion!
You can now recall your ancestor.
You can now remember your ancestor's identity.
You may now remember your ancestor's life.
You enter the shallow water.
A kobold comes into view. It is wielding a +0 short sword.
Are you sure you want to abandon this character and quit the game? (Confirm with "yes".)

Action                   || total
-------------------------++-------
Melee: Unarmed           ||    13
       Punch             ||     1
       Bite              ||     1
 Stab: Sleeping          ||     1
Armor: Robe              ||     1
Dodge: Dodged            ||     5

Levels and vault maps discovered:
D:1:      psy_arrival_basics, layout_loops_corners,
          hellmonk_ecumenical_altar_pennies_from_heaven

Notes
Turn   | Place    | Note
-------+----------+-------------------------------------------
     0 | D:1      | sanka the Gnoll Monk began the quest for the Orb.
     0 | D:1      | Reached XP level 1. HP: 23/23 MP: 1/1
    65 | D:1      | Found a faded altar of an unknown god.
   124 | D:1      | Reached XP level 2. HP: 23/29 MP: 2/2
   124 | D:1      | Prayed at the altar of an unknown god.
   124 | D:1      | Became a worshipper of Hepliaklqana the Forgotten
   124 | D:1      | Reached * piety under Hepliaklqana
   124 | D:1      | Reached ** piety under Hepliaklqana
   130 | D:1      | Quit the game

Vanquished Creatures
  A dart slug (D:1)
  A bat (D:1)
  A kobold (D:1)
  3 rats (D:1)
6 creatures vanquished.
